 Dungeon Crawl Stone Soup version 0.28-a0-861-ge64d6db94f (webtiles) character file.

Game seed: 5030390255706284381

771 meatgazer the Skirmisher (level 7, -3/61 HPs)
             Began as a Demonspawn Abyssal Knight on Nov 15, 2021.
             Was a Believer of Lugonu.
             Slain by Crazy Yiuf (12 damage)
             ... on level 2 of the Dungeon.
             The game lasted 00:02:57 (2266 turns).

meatgazer the Skirmisher (DsAK)                     Turns: 2266, Time: 00:02:58

Health: -3/61      AC:  4    Str: 15    XL:     7   Next: 53%
Magic:  0/10       EV: 11    Int: 12    God:    Lugonu [**....]
Gold:   81         SH:  0    Dex: 13    Spells: 6/6 levels left

rFire   . . .      SeeInvis .   a - +1 spear
rCold   . . .      Faith    .   (no shield)
rNeg    . . .      Spirit   .   b - +0 leather armour
rPois   .          Reflect  .   (no helmet)
rElec   .          Harm     .   (no cloak)
rCorr   .          Rampage  .   (no gloves)
Will    .....                   (no boots)
Stlth   +.........              (no amulet)
HPRegen 0.20/turn               (no ring)
MPRegen 0.12/turn               (no ring)

@: no status effects
A: rugged brown scales 1, demonic touch 2
a: Renounce Religion, Depart the Abyss, Bend Space


You were on level 2 of the Dungeon.
You worshipped Lugonu.
Lugonu was pleased with you.
You visited 1 branch of the dungeon, and saw 2 of its levels.
You visited the Abyss 1 time.

You collected 81 gold pieces.

Inventory:

Hand Weapons
 a - a +1 spear (weapon)
Armour
 b - a +0 leather armour (worn)
Jewellery
 e - an amulet of magic regeneration
Scrolls
 h - a scroll of teleportation
 i - 3 scrolls of identify
Potions
 c - a potion of cancellation
 d - a potion of flight {unknown}
 f - 2 potions of haste
 g - a potion of curing {unknown}
 j - a potion of magic {unknown}


   Skills:
 + Level 7.0 Fighting
 + Level 3.4 Polearms
 - Level 3.1 Armour
 - Level 1.0 Dodging
 + Level 4.7 Invocations


You had 6 spell levels left.
You didn't know any spells.
Your spell library was empty.

Dungeon Overview and Level Annotations

Branches:
Dungeon (2/15)

Altars:

Annotations:
D:2 Crazy Yiuf


Innate Abilities, Weirdness & Mutations

You are partially covered in rugged brown scales. (AC +1, +3% HP)
Your touch may inflict irresistible damage on your foes.


Message History

No target in view!
No target in view!
Found a mace.
Found a runed translucent door.
Crazy Yiuf shouts!
Crazy Yiuf screams, "Fire!
Fluff bush chair."
You open the door. You hit Crazy Yiuf.
Crazy Yiuf is lightly wounded.
Crazy Yiuf closely misses you.
You hit Crazy Yiuf.
Crazy Yiuf is lightly wounded.
Crazy Yiuf hits you but does no damage.
You closely miss Crazy Yiuf.
Crazy Yiuf is lightly wounded.
You hit Crazy Yiuf but do no damage.
Crazy Yiuf is lightly wounded.
Crazy Yiuf hits you with a +2 quarterstaff of chaos!
You feel your power leaking away.
You hit Crazy Yiuf.
Crazy Yiuf is moderately wounded.
Crazy Yiuf closely misses you.
You hit Crazy Yiuf but do no damage.
Crazy Yiuf is moderately wounded.
Crazy Yiuf hits you with a +2 quarterstaff of chaos!
You hit Crazy Yiuf.
Crazy Yiuf is severely wounded.
Crazy Yiuf hits you with a +2 quarterstaff of chaos!
You feel your power leaking away.
You hit Crazy Yiuf but do no damage.
Crazy Yiuf is severely wounded.
Crazy Yiuf hits you with a +2 quarterstaff of chaos!
You are electrocuted!
* * * LOW HITPOINT WARNING * * *
You barely miss Crazy Yiuf.
Crazy Yiuf is severely wounded.
Crazy Yiuf barely misses you.
You hit Crazy Yiuf. Your touch misses Crazy Yiuf.
Crazy Yiuf is severely wounded.
Crazy Yiuf hits you with a +2 quarterstaff of chaos!
You die...

##### #..)# #...#
... #g# ♣♣@♣ ♣.♣♣
♣♣.♣ ♣.♣♣ ♣♣.♣♣
♣...♣♣ ##########
♣....♣ #........#
#....# #........#
#+..+####........###


You could see Crazy Yiuf.

Vanquished Creatures
  7 gnolls (D:2)
  2 adders (D:2)
  3 dart slugs
  3 ball pythons (D:1)
  3 endoplasms (D:1)
  A giant cockroach (D:1)
  2 goblins
  3 hobgoblins
  3 jackals (D:1)
  3 quokkas (D:2)
  4 bats
  A frilled lizard (D:1)
  3 kobolds
  4 rats
42 creatures vanquished.

Vanquished Creatures (collateral kills)
  A thrashing horror (Abyss:2)
  A large abomination (Abyss:2)
2 creatures vanquished.

Grand Total: 44 creatures vanquished

Notes
Turn   | Place    | Note
-------+----------+-------------------------------------------
     0 | Abyss:1  | meatgazer the Demonspawn Abyssal Knight began the quest for
                  | the Orb.
     0 | Abyss:1  | Reached XP level 1. HP: 18/18 MP: 2/2
    50 | Abyss:2  | Noticed a thrashing horror
    57 | Abyss:2  | Killed a thrashing horror
    58 | Abyss:2  | Reached skill level 6 in Fighting
    58 | Abyss:2  | Reached skill level 1 in Dodging
    58 | Abyss:2  | Gained mutation: Your touch may inflict minor irresistible
                  | damage on your foes. [demonic ancestry]
    58 | Abyss:2  | Reached XP level 2. HP: 15/29 MP: 3/5
    58 | Abyss:2  | Reached XP level 3. HP: 18/35 MP: 3/6
    58 | Abyss:2  | Reached XP level 4. HP: 21/41 MP: 3/7
    58 | Abyss:2  | Gained mutation: You are partially covered in rugged brown
                  | scales. (AC +1, +3% HP) [demonic ancestry]
    58 | Abyss:2  | Reached XP level 5. HP: 21/48 MP: 3/8
    58 | Abyss:2  | Reached XP level 6. HP: 24/54 MP: 3/9
    58 | Abyss:2  | Gained mutation: Your touch may inflict irresistible damage
                  | on your foes. [demonic ancestry]
    58 | Abyss:2  | Reached XP level 7. HP: 26/60 MP: 3/10
   200 | Abyss:2  | Noticed a large abomination
   210 | D:1      | Escaped the Abyss
  1473 | D:2      | Found a faded altar of an unknown god.
  1534 | D:2      | Reached ** piety under Lugonu
  1632 | D:2      | Reached skill level 7 in Fighting
  2252 | D:2      | Found a runed translucent door.
  2253 | D:2      | Noticed Crazy Yiuf
  2266 | D:2      | Slain by Crazy Yiuf

Illustrated notes

Levels and vault maps discovered:
D:1:      lightli_arrival_noodles, layout_basic
D:2:      layout_rooms, hellmonk_ecumenical_altar_arch_garden,
          uniq_crazy_yiuf_cottage

Skill      XL: |  1  2  3  4  5  6  7 |
---------------+----------------------+-----
Fighting       | 6 7 |  7.0
Polearms       | 3 |  3.4
Armour         | 3 |  3.1
Dodging        | 1 |  1.0
Invocations    | 4 |  4.7

Action                   |  1- 3 |  4- 6 |  7- 9 || total
-------------------------+-------+-------+-------++-------
Melee: Spear             |       |       |   137 ||   137
       Touch             |       |       |    14 ||    14
  Use: Scroll            |     1 |       |     7 ||     8
       Potion            |       |       |     2 ||     2
 Stab: Sleeping          |       |       |     1 ||     1
Armor: Leather armour    |       |       |    24 ||    24
Dodge: Dodged            |       |       |    60 ||    60

Table legend: (Time is in decaauts)
 A = Elapsed time spent in this place.
 B = Non-inter-level travel time spent in this place.
 C = Inter-level travel time spent in this place.
 D = Time resting spent in this place.
 E = Time spent auto-exploring this place.
 F = Levels seen in this place.
 G = Mean time per level.
                   A        B        C        D        E       F      G
               +--------+--------+--------+--------+--------+-----+--------+
         Total |   2256 |   2231 |     25 |    582 |   1369 |   4 |  564.0 |
       Dungeon |   2046 |   2021 |     25 |    540 |   1234 |   2 | 1023.0 |
         Abyss |    209 |    209 |      0 |     42 |    135 |   2 |  104.5 |
               +--------+--------+--------+--------+--------+-----+--------+

Top non-repeatable levels by time:
     D:1: 1124 daAuts
     D:2: 921 daAuts
 Abyss:2: 187 daAuts
 Abyss:1: 22 daAuts
